 Dungeon Crawl Stone Soup version 0.29-a0-322-g68df515428 (webtiles) character file.

Game seed: 3858193081896986913

23594 Alarak the Fencer (level 13, 0/112 HPs)
             Began as a Hill Orc Monk on Apr 8, 2022.
             Was the Champion of Beogh.
             Slain by a freezing wraith (9 damage)
             ... in an ice cave.
             The game lasted 00:54:52 (14371 turns).

Alarak the Fencer (Hill Orc Monk)                  Turns: 14371, Time: 00:54:54

Health: 0/112      AC: 27    Str: 19    XL:     13   Next: 7%
Magic:  13/13      EV: 11    Int: 10    God:    Beogh [******]
Gold:   1087       SH:  0    Dex: 13    Spells: 12/12 levels left

rFire   . . .      SeeInvis .   B - +2 Maxwell's thermic engine {flame, freeze}
rCold   . . .      Faith    +   (no shield)
rNeg    . . .      Spirit   .   A - +13 plate armour of Ru's Whim {Slay+2}
rPois   +          Reflect  .   t - +0 helmet
rElec   .          Harm     .   (no cloak)
rCorr   .          Rampage  .   (no gloves)
Will    .....      Rnd*Tele +   (no boots)
Stlth   ..........              d - amulet of Liujuats {Faith Regen+}
HPRegen 1.08/turn               U - ring of poison resistance
MPRegen 0.13/turn               z - +4 ring of evasion

@: no status effects
A: walk on water, teleportitis 1
a: Renounce Religion, Smiting, Recall Orcish Followers, Give Item to Named
Follower, Resurrection


You were in an ice cave.
You worshipped Beogh.
Beogh was exalted by your worship.
You visited 2 branches of the dungeon, and saw 15 of its levels.
You also visited: Ice Cave.

You collected 1087 gold pieces.

Inventory:

Hand Weapons
 a - a +0 hand axe
 B - the +2 Maxwell's thermic engine (weapon) {flame, freeze}
   (You found it on level 6 of the Dungeon)

   It burns those it strikes, dealing additional fire damage.
   Big, fiery blades are also staple armaments of hydra-hunters.
   It freezes those it strikes, dealing additional cold damage.
   It can also slow down cold-blooded creatures.
   It becomes more effective when it hits something.
   This effect fades over time.
 Q - a +5 long sword of freezing
 R - a +5 battleaxe
Missiles
 V - a throwing net (quivered)
Armour
 b - a +0 robe
 h - a +5 scale mail
 j - a +0 scale mail
 t - a +0 helmet (worn)
 A - the +13 plate armour of Ru's Whim (worn) {Slay+2}
   (You found it on level 6 of the Dungeon)

   Slay:      It affects your accuracy & damage with ranged weapons and melee
   (+2).
Magical Staves
 m - a staff of cold
 T - a staff of air
Jewellery
 d - the amulet of Liujuats (around neck) {Faith Regen+}
   (You acquired it on level 2 of the Dungeon)

   [amulet of faith]

   It allows you to gain divine favour quickly.
   Regen:     It increases your rate of health regeneration.
 e - a ring of willpower
 z - a +4 ring of evasion (right hand)
 E - a ring of wizardry
 F - a +6 ring of intelligence
 U - a ring of poison resistance (left hand)
Wands
 w - a wand of iceblast (11)
 I - a wand of flame (7)
 J - a wand of paralysis (3)
 K - a wand of polymorph (15)
 M - a wand of mindburst (9)
 O - a wand of acid (1)
 P - a wand of charming (5)
Scrolls
 g - a scroll of amnesia {unknown}
 i - 10 scrolls of identify
 l - 3 scrolls of torment
 p - 2 scrolls of enchant armour
 s - 4 scrolls of magic mapping
 x - 2 scrolls of vulnerability
 y - 9 scrolls of teleportation
 C - 2 scrolls of fog
 D - a scroll of holy word
 N - a scroll of brand weapon {unknown}
 S - a scroll of acquirement
Potions
 c - a potion of ambrosia
 f - 2 potions of flight
 k - a potion of magic
 n - 3 potions of lignification
 r - 2 potions of curing
 u - 3 potions of mutation
 v - 2 potions of brilliance
 G - 2 potions of attraction
 H - a potion of cancellation
 L - 3 potions of might
Miscellaneous
 o - a lightning rod (4/4)


   Skills:
 - Level 9.7 Fighting
 + Level 18.2 Long Blades
 - Level 12.0 Axes
 - Level 7.3 Armour
 - Level 2.4 Dodging
 - Level 1.5 Stealth
 - Level 0.1 Invocations


You had 12 spell levels left.
You didn't know any spells.
Your spell library contained the following spells:

 Spells                   Type           Power      Damage    Failure   Level
 Animate Skeleton         Necr           0%         N/A       100%        1
 Apportation              Tloc           0%         N/A       100%        1
 Sting                    Tmut/Pois      0%         1d3       100%        1
 Summon Small Mammal      Summ           0%         N/A       100%        1
 Poisonous Vapours        Pois/Air       0%         N/A       100%        2
 Static Discharge         Conj/Air       0%         N/A       100%        2
 Gell's Gravitas          Tloc           0%         N/A       100%        3
 Ignite Poison            Fire/Tmut/Pois 0%         N/A       100%        3
 Inner Flame              Hex/Fire       0%         N/A       100%        3
 Mephitic Cloud           Conj/Pois/Air  0%         N/A       100%        3
 Ozocubu's Armour         Ice            0%         N/A       100%        3
 Teleport Other           Tloc           0%         N/A       100%        3
 Cause Fear               Hex            0%         N/A       100%        4
 Dispel Undead            Necr           0%         3d6       100%        4
 Olgreb's Toxic Radiance  Pois           0%         N/A       100%        4
 Sticky Flame             Conj/Fire      0%         2d3       100%        4
 Summon Ice Beast         Ice/Summ       0%         N/A       100%        4
 Fireball                 Conj/Fire      0%         3d3       100%        5
 Freezing Cloud           Conj/Ice/Air   0%         6-21      100%        5
 Iskenderun's Battlesphe  Conj           0%         2d6       100%        5
 Summon Mana Viper        Hex/Summ       0%         N/A       100%        5
 Conjure Ball Lightning   Conj/Air       0%         3x3d6     100%        6
 Dispersal                Tloc           0%         N/A       100%        6
 Monstrous Menagerie      Summ           0%         N/A       100%        7
 Orb of Destruction       Conj           0%         9d5       100%        7
 Ozocubu's Refrigeration  Ice            0%         4d5       100%        7
 Discord                  Hex            0%         N/A       100%        8
 Chain Lightning          Conj/Air       0%         N/A       100%        9
 Fire Storm               Conj/Fire      0%         5d1       100%        9
 Shatter                  Erth           0%         3d5*      100%        9


Dungeon Overview and Level Annotations

Branches:
Dungeon (11/15)            Temple (0/1) D:6            Lair (3/6) D:9
  Swamp (0/4) Lair:2        IceCv (1/1)
  Snake: Lair:2-4    Spider: Lair:2-4       Orc: D:9-12

Altars:
Cheibriados
Dithmenos
Gozag
Hepliaklqana
Kikubaaqudgha
Trog
Uskayaw
Vehumet
Yredelemnul
The Shining One

Shops:
D:8 :

Annotations:
IceCv exclusion: 3 ice statues


Innate Abilities, Weirdness & Mutations

You can walk on water.
You are occasionally teleported next to monsters.


Message History

The ice beast disappears in a puff of smoke!
You are engulfed in freezing vapours.
The freezing wraith barely misses you.
The freezing wraith hits you but does no damage.
The ice statue gestures at you.
The shard of ice hits you but does no damage.
The ice beast closely misses you. x2; The ice beast barely misses you.
The freezing wraith hits you!
* * * LOW HITPOINT WARNING * * *
The freezing wraith freezes you!
* * * LOW HITPOINT WARNING * * *
The freezing wraith barely misses you.
Okay, then.
As you read the scroll of fear, it crumbles to dust.
You assume a fearsome visage.
The ice statue is unaffected. x3
The freezing wraith is unaffected.
The ice beast looks frightened!
The ice beast resists with some effort.
The ice beast looks frightened! x2
You are engulfed in freezing vapours.
The ice beast completely misses you. The freezing wraith closely misses you.
The freezing wraith hits you but does no damage.
The white ugly thing gurgles horribly!
The ice beast hits you but does no damage.
The ice statue gestures at you. The shard of ice hits you!
* * * LOW HITPOINT WARNING * * *
The ice statue glitters chillingly in the dim dungeon light.
The ice statue gestures.
The ice beast hits you but does no damage.
The ice statue glitters chillingly in the dim dungeon light.
The ice statue gestures at you. The freezing blast engulfs you.
* * * LOW HITPOINT WARNING * * *
The freezing wraith hits you but does no damage.
The freezing wraith closely misses you.
You feel better.
You are engulfed in freezing vapours.
* * * LOW HITPOINT WARNING * * *
You feel yourself speed up. The ice beast barely misses you.
The freezing wraith hits you but does no damage.
The freezing wraith hits you!
You die...

.... .Z.
.Z ##8##
##YY.##
##Y.○☼○##
#8..°○○8#
#..○○°@○#
#...○WY°#
#......°#
#.....°.#
####Y####
#[!..☼☼)#
#=.....(#
#[......#
#.......#


You could see 3 ice statues, a freezing wraith, 5 ice beasts, an anaconda
simulacrum (wandering) and a harpy simulacrum.

Vanquished Creatures
  6 hydras
  A boulder beetle (D:11)
  A two-headed ogre (D:10)
  A deep elf pyromancer (D:11)
  Joseph (D:7)
  5 elephants
  A water nymph (shapeshifter) (D:11)
  2 cane toads (Lair:1)
  A rime drake (Lair:1)
  3 komodo dragons
  A kobold demonologist (D:10)
  A hornet (D:10)
  17 yaks
  A fire elemental (Lair:1)
  A vampire (D:11)
  3 humans (D:8)
  A wraith (D:11)
  3 wyverns
  A vampire mosquito (D:11)
  A steam dragon (Lair:3)
  2 death yak simulacra (IceCv)
  An acid dragon (D:11)
  4 water moccasins
  An ice beast (D:4)
  3 orc warriors
  4 black bears
  A sky beast (D:6)
  2 ogres
  2 wolves (Lair:1)
  2 phantoms
  3 centaurs
  3 kobold brigands (D:10)
  3 scorpions
  5 bullfrogs
  A cane toad simulacrum (IceCv)
  2 necrophages (D:6)
  9 wights (D:9)
  4 elephant simulacra (IceCv)
  11 killer bees
  2 electric eels (Lair:1)
  A howler monkey (D:11)
  A jelly (D:8)
  7 hounds
  3 orc priests
  2 iguanas
  A gnoll shaman (D:5)
  8 orc wizards
  A polar bear simulacrum (IceCv)
  Robin (D:3)
  5 gnolls (D:5)
  9 adders
  2 shadow imps
  3 white imps
  An ufetubus (D:5)
  2 worms
  5 dart slugs
  14 orcs
  4 endoplasms
  5 giant cockroaches
  11 goblins
  4 hobgoblins
  2 jackals (D:2)
  15 kobolds
  2 quokkas (D:4)
  7 ball pythons
  5 bats
  A frilled lizard (D:2)
  5 rats
244 creatures vanquished.

Vanquished Creatures (collateral kills)
  2 hydras
  Harold (Lair:2)
  2 elephants (Lair:2)
  A black mamba (Lair:1)
  A cane toad (Lair:1)
  A molten gargoyle (Lair:1)
  A torpor snail (Lair:1)
  A kobold demonologist (D:10)
  A rime drake (Lair:2)
  A burning bush (Lair:3)
  2 trolls (D:11)
  A centaur simulacrum (D:11)
  14 yaks
  A wyvern (Lair:2)
  2 humans (D:8)
  2 vampire mosquitoes (D:11)
  3 water moccasins
  A sky beast (D:8)
  An ice beast (D:8)
  A wolf (Lair:1)
  A centaur (D:7)
  3 kobold brigands
  7 bullfrogs
  4 wights (D:9)
  An electric eel (Lair:1)
  An orc wizard (D:8)
  6 kobolds
63 creatures vanquished.

Vanquished Creatures (others)
  3 orc knights
  2 orc warriors
  3 orcs
  8 fungi
  26 plants
42 creatures vanquished.

Grand Total: 349 creatures vanquished

Notes
Turn   | Place    | Note
-------+----------+-------------------------------------------
     0 | D:1      | Alarak the Hill Orc Monk began the quest for the Orb.
     0 | D:1      | Reached XP level 1. HP: 19/19 MP: 1/1
   171 | D:1      | Reached XP level 2. HP: 19/27 MP: 2/2
   782 | D:1      | Reached XP level 3. HP: 30/33 MP: 3/3
   944 | D:2      | Identified a scroll of acquirement
   944 | D:2      | Acquired the amulet of Liujuats {Faith Regen+}
   986 | D:2      | Reached skill level 5 in Axes
  1318 | D:2      | Found a faded altar of an unknown god.
  1451 | D:2      | Reached XP level 4. HP: 40/41 MP: 4/4
  2411 | D:3      | Found the +4 moon troll leather armour {Spirit, Regen++
                  | MP+5}
  2591 | D:3      | Found a faded altar of an unknown god.
  2596 | D:3      | Found a hide-covered altar of Uskayaw.
  2788 | D:3      | Found a basalt altar of Yredelemnul.
  3108 | D:4      | Noticed Robin
  3110 | D:4      | Reached skill level 1 in Armour
  3134 | D:3      | Reached XP level 5. HP: 47/47 MP: 5/5
  3170 | D:3      | Killed Robin
  3271 | D:4      | Noticed a phantom
  3310 | D:4      | Noticed an ogre
  3320 | D:4      | Killed an ogre
  3321 | D:4      | Reached skill level 5 in Fighting
  3321 | D:4      | Reached XP level 6. HP: 54/56 MP: 6/6
  3585 | D:4      | Found an opulent altar of Gozag.
  3585 | D:4      | Found a faded altar of an unknown god.
  3592 | D:4      | Found a shadowy altar of Dithmenos.
  3594 | D:4      | Found a glowing golden altar of the Shining One.
  3596 | D:4      | Found a faded altar of an unknown god.
  4278 | D:5      | Entered Level 5 of the Dungeon
  4278 | D:5      | Noticed an ice beast
  4278 | D:5      | Noticed a black bear
  4278 | D:5      | Noticed a black bear
  4291 | D:4      | Killed a black bear
  4292 | D:4      | Reached XP level 7. HP: 62/62 MP: 7/7
  4340 | D:5      | Became a worshipper of Beogh the Brigand
  4340 | D:5      | Reached * piety under Beogh
  4340 | D:5      | Reached ** piety under Beogh
  4733 | D:5      | Reached XP level 8. HP: 40/71 MP: 8/8
  5076 | D:4      | Reached skill level 10 in Axes
  5257 | D:6      | Found a staircase to the Ecumenical Temple.
  5352 | D:6      | You fall into a shaft and drop 2 floors!
  5381 | D:7      | Found a radiant altar of Vehumet.
  5391 | D:7      | Reached skill level 5 in Armour
  5400 | D:7      | Noticed a wyvern
  5420 | D:7      | Killed a wyvern
  5490 | D:6      | Reached XP level 9. HP: 80/81 MP: 9/9
  5704 | D:6      | Reached *** piety under Beogh
  6029 | D:6      | Found the +2 Maxwell's thermic engine {flame, freeze}
  6191 | D:6      | Identified the +13 plate armour of Ru's Whim {Slay+2}
  6538 | D:7      | Reached skill level 1 in Long Blades
  6660 | D:7      | Reached skill level 2 in Long Blades
  6660 | D:7      | Noticed Joseph
  6673 | D:7      | Killed Joseph
  6674 | D:7      | Reached skill level 3 in Long Blades
  6675 | D:7      | Reached skill level 4 in Long Blades
  6833 | D:7      | Found an ancient bone altar of Kikubaaqudgha.
  6838 | D:7      | Found a snail-covered altar of Cheibriados.
  6841 | D:7      | Found a hazy altar of Hepliaklqana.
  6950 | D:8      | Found Rioty's Book Shop.
  6997 | D:8      | Reached skill level 5 in Long Blades
  7143 | D:8      | Reached skill level 6 in Long Blades
  7143 | D:8      | Reached XP level 10. HP: 88/91 MP: 10/10
  7259 | D:8      | Found a bloodstained altar of Trog.
  7309 | D:8      | Reached skill level 7 in Long Blades
  8057 | D:9      | Reached skill level 8 in Long Blades
  8171 | D:9      | Reached **** piety under Beogh
  8690 | D:9      | Reached skill level 9 in Long Blades
  8954 | D:9      | Found a staircase to the Lair.
  9158 | D:10     | Entered Level 10 of the Dungeon
  9336 | D:10     | Reached skill level 10 in Long Blades
  9357 | D:10     | Reached XP level 11. HP: 99/99 MP: 11/11
  9516 | D:10     | Noticed a two-headed ogre
  9524 | D:10     | Killed a two-headed ogre
  9525 | D:10     | Reached skill level 11 in Long Blades
  9711 | D:10     | Gained mutation: You are occasionally teleported next to
                  | monsters. [a neqoxec]
 10268 | D:11     | Noticed a six-headed hydra
 10274 | D:11     | Killed a five-headed hydra
 10274 | D:11     | Noticed a seven-headed hydra
 10274 | D:11     | Noticed a six-headed hydra
 10275 | D:11     | Reached skill level 12 in Long Blades
 10277 | D:11     | Noticed an eight-headed hydra
 10281 | D:11     | Killed a four-headed hydra
 10287 | D:11     | Killed a three-headed hydra
 10287 | D:11     | Reached ***** piety under Beogh
 10291 | D:11     | Killed a four-headed hydra
 10292 | D:11     | Reached skill level 13 in Long Blades
 10294 | D:11     | Noticed a boulder beetle
 10304 | D:11     | Killed a boulder beetle
 10435 | D:11     | Noticed a deep elf pyromancer
 10438 | D:11     | Gained Ortolf as an ally
 10439 | D:11     | Reached skill level 14 in Long Blades
 10443 | D:11     | Killed a deep elf pyromancer
 10668 | D:11     | Noticed a seven-headed hydra
 10675 | D:11     | Killed a four-headed hydra
 10676 | D:11     | Reached XP level 12. HP: 66/106 MP: 12/12
 11174 | Lair:1   | Entered Level 1 of the Lair of Beasts
 11186 | Lair:1   | Reached skill level 15 in Long Blades
 11382 | Lair:1   | Gained Borgun as an ally
 12424 | Lair:2   | Reached skill level 16 in Long Blades
 12573 | Lair:2   | Your ally Borgun died
 12574 | Lair:2   | Noticed a nine-headed hydra
 12574 | Lair:2   | Killed a nine-headed hydra
 12574 | Lair:2   | Gained Boruk as an ally
 12728 | Lair:2   | Reached skill level 17 in Long Blades
 13024 | Lair:2   | Noticed a four-headed hydra
 13030 | Lair:2   | Killed a one-headed hydra
 13036 | Lair:2   | Found a staircase to the Swamp.
 13036 | Lair:2   | Noticed a four-headed hydra
 13042 | Lair:2   | Killed a one-headed hydra
 13485 | Lair:2   | Noticed Harold
 13493 | Lair:2   | Killed Harold
 13493 | Lair:2   | Reached ****** piety under Beogh
 13494 | Lair:2   | Reached XP level 13. HP: 112/112 MP: 13/13
 13895 | Lair:3   | Reached skill level 18 in Long Blades
 14320 | Lair:3   | You fall into a shaft and drop 3 floors!
 14320 | Lair:6   | Entered Level 6 of the Lair of Beasts
 14320 | Lair:6   | Found a frozen archway.
 14325 | IceCv    | Entered an ice cave
 14371 | IceCv    | Slain by a freezing wraith

Illustrated notes

Levels and vault maps discovered:
D:1:      shiori_arrival_elements, layout_basic
D:2:      layout_basic, ebering_ecumenical_altar_sacrificial,
          serial_corexii_hall, corexii_hall_statues_l,
          chequers_hall_statues_corner_a, chequers_hall_statues_wall_a,
          chequers_hall_statues_corner_a, serial_park_tiny_pond
D:3:      layout_basic, nicolae_overflow_ecumenical_swirl, amcnicky_altar_gilded
D:4:      layout_loops_ring, chequers_temple_overflow_minitemple,
          minmay_checkerbox, uniq_robin
D:5:      layout_rooms
D:6:      layout_basic, temple_pool_b
D:7:      layout_rooms, mainiacjoe_overflow_cross_hatched,
          minmay_overflow_temple_star_quad, glass_columns_b, uniq_joseph
D:8:      kennysheep_blocky_hall, layout_gridville, mainiacjoe_overflow_catwalk,
          serial_shops, nicolae_square_shop, minmay_ruffians
D:9:      layout_irregular_city, lair_entry_dummy, serial_rivers,
          chequers_serial_rivers_room_b, chequers_serial_rivers_micro_b,
          chequers_serial_rivers_small_a, chequers_serial_rivers_micro_a,
          chequers_serial_rivers_micro_e
D:10:     layout_loops_ring, minmay_curled_crystal
D:11:     layout_basic, minmay_pinched_square
Lair:1:   layout_gridlike, hangedman_lair_generics_rect, serial_bayou_shore_a
Lair:2:   layout_cave_pods, palyth_hydra_swamp_entry, grunt_megastairs_4,
          uniq_harold
Lair:3:   layout_big_grid, evilmike_ambush [evilmike_ambush_outer_pillars,
          evilmike_ambush_inner_basic], serial_bayou_shore_b, uniq_fannar
Lair:6:   evilmike_catoblepas_cave, layout_concentric_octagons, slime_altar_1,
          portal_ice_cave_entry_pillars_2, chequers_serial_rivers_micro_a
IceCv:    ice_cave_statue_garden_chambered

Skill      XL: |  1  2  3  4  5  6  7  8  9 10 11 12 13 |
---------------+----------------------------------------+-----
Fighting       | 4 5 6 7 9 |  9.7
Axes           | 5 6 8 9 11 12 | 12.0
Armour         | 1 2 3 5 6 7 |  7.3
Long Blades    | 6 10 14 17 18 | 18.2
Dodging        | |  2.4
Stealth        | |  1.5
Invocations    | |  0.1

Action                   |  1- 3 |  4- 6 |  7- 9 | 10-12 | 13-15 || total
-------------------------+-------+-------+-------+-------+-------++-------
Melee: Hand axe          |    94 |   253 |   343 |       |       ||   690
       Punch             |     1 |     2 |     7 |     5 |       ||    15
       Double sword      |       |       |    53 |   322 |    29 ||   404
Invok: Convert to Beogh  |       |       |     1 |       |       ||     1
       Recall Orcish Fol |       |       |       |    10 |     4 ||    14
       Give Item to Name |       |       |       |     3 |       ||     3
  Use: Scroll            |     3 |     5 |     1 |    15 |     1 ||    25
       Potion            |       |       |       |     2 |     1 ||     3
 Stab: Sleeping          |     2 |     2 |     3 |       |       ||     7
       Distracted        |       |       |       |     2 |       ||     2
Armor: Robe              |     7 |       |       |       |       ||     7
       Scale mail        |    20 |    29 |       |       |       ||    49
       Troll leather arm |       |    85 |   137 |       |       ||   222
       Plate armour      |       |       |    67 |   263 |    49 ||   379
Dodge: Dodged            |    58 |   139 |   279 |   193 |    40 ||   709

Table legend: (Time is in decaauts)
 A = Elapsed time spent in this place.
 B = Non-inter-level travel time spent in this place.
 C = Inter-level travel time spent in this place.
 D = Time resting spent in this place.
 E = Time spent auto-exploring this place.
 F = Levels seen in this place.
 G = Mean time per level.
                   A        B        C        D        E       F      G
               +--------+--------+--------+--------+--------+-----+--------+
         Total |  14331 |  13576 |    755 |   3832 |   7570 |  16 |  895.7 |
       Dungeon |  11166 |  10507 |    659 |   2506 |   6111 |  11 | 1015.1 |
          Lair |   3119 |   3023 |     96 |   1326 |   1449 |   4 |  779.8 |
      Ice Cave |     45 |     45 |      0 |      0 |     10 |   1 |   45.0 |
               +--------+--------+--------+--------+--------+-----+--------+

Top non-repeatable levels by time:
  Lair:2: 1450 daAuts
     D:4: 1316 daAuts
  Lair:1: 1233 daAuts
     D:9: 1220 daAuts
     D:2: 1168 daAuts
     D:6: 1121 daAuts
     D:8: 1080 daAuts
    D:10: 1074 daAuts
     D:3: 1056 daAuts
     D:1: 944 daAuts
    D:11: 931 daAuts
     D:5: 716 daAuts
     D:7: 534 daAuts
  Lair:3: 430 daAuts
   IceCv: 45 daAuts
